 Dungeon Crawl Stone Soup version 0.28.0-49-g6dfe1f597d (webtiles) character file.

Game seed: 6622548692097811425

1965 Zeld the Cleaver (level 9, -12/123 HPs)
             Began as a Minotaur Berserker on May 18, 2022.
             Was a Priest of Trog.
             Mangled by an orc warrior
             ... wielding a +0 scimitar
              (14 damage)
             ... on level 6 of the Dungeon.
             The game lasted 00:04:33 (7696 turns).

Zeld the Cleaver (Minotaur Berserker)               Turns: 7696, Time: 00:04:33

Health: -12/123    AC:  5    Str: 26    XL:     9   Next: 0%
Magic:  8/8        EV: 13    Int:  4    God:    Trog [***...]
Gold:   395        SH:  0    Dex: 10    Spells: 8/8 levels left

rFire   . . .      SeeInvis .   a - +0 hand axe
rCold   . . .      Faith    .   (no shield)
rNeg    . . .      Spirit   .   b - +0 animal skin
rPois   .          Reflect  .   t - +0 hat
rElec   .          Harm     .   x - +0 cloak
rCorr   .          Rampage  .   i - +0 pair of gloves
Will    ++...                   (no boots)
Stlth   ..........              A - amulet of regeneration
HPRegen 2.10/turn               (no ring)
MPRegen 0.11/turn               (no ring)

@: berserking, strong-willed, regenerating, very quick
A: horns 2, retaliatory headbutt
a: Renounce Religion, Berserk, Trog's Hand


You were on level 6 of the Dungeon.
You worshipped Trog.
Trog was most pleased with you.
You visited 1 branch of the dungeon, and saw 6 of its levels.
You also visited: Ossuary.

You collected 395 gold pieces.

Inventory:

Hand Weapons
 a - a +0 hand axe (weapon)
Armour
 b - a +0 animal skin (worn)
 i - a +0 pair of gloves (worn)
 t - a +0 hat (worn)
 x - a +0 cloak (worn)
Jewellery
 o - a ring of resist corrosion
 A - an amulet of regeneration (around neck)
Wands
 f - a wand of digging (8)
 p - a wand of paralysis (1)
 q - a wand of iceblast (3)
Scrolls
 j - a scroll of vulnerability {unknown}
 k - a scroll of holy word {unknown}
 l - 3 scrolls of amnesia {unknown}
 m - 3 scrolls of noise {unknown}
 n - 7 scrolls of identify {unknown}
 r - a scroll of enchant armour {unknown}
 w - a scroll of immolation {unknown}
 y - a scroll of teleportation {unknown}
 z - a scroll of enchant weapon {unknown}
Potions
 c - 2 potions of heal wounds {unknown}
 d - a potion of haste {unknown}
 e - 2 potions of degeneration {unknown}
 g - 6 potions of curing {unknown}
 h - a potion of invisibility {unknown}
 s - 2 potions of attraction {unknown}
 u - 2 potions of mutation {unknown}
 v - 2 potions of lignification {unknown}


   Skills:
 * Level 8.9 Fighting
 * Level 8.9 Axes
 + Level 6.1 Armour
 + Level 5.6 Dodging


You had 8 spell levels left.
You didn't know any spells.
Your spell library was empty.

Dungeon Overview and Level Annotations

Branches:
Dungeon (6/15)            Ossuary (visited)
 Temple: D:4-7

Altars:


Innate Abilities, Weirdness & Mutations

You have a pair of horns on your head.
You reflexively headbutt those who attack you in melee.


Message History

* * * LOW HITPOINT WARNING * * *
Your skin crawls.
You feel strong-willed.
The orc warrior hits you with a +0 scimitar!
* * * LOW HITPOINT WARNING * * *
Unknown command.
A red film seems to cover your vision as you go berserk!
You feel yourself moving faster!
You feel mighty!
The orc warrior hits you with a +0 scimitar!
* * * LOW HITPOINT WARNING * * *
You hit the orc warrior. Your headbutt misses the orc warrior.
The orc warrior is lightly wounded.
You slash the orc priest!
The orc priest is severely wounded.
You closely miss the orc warrior.
The orc warrior hits you with a +0 scimitar!
* * * LOW HITPOINT WARNING * * *
The orc priest calls upon Beogh to heal the orc priest.
The orc priest is healed somewhat.
You slash the orc priest!
You kill the orc priest!
Trog accepts your kill.
You hit the orc warrior.
You have reached level 9!
Your experience leads to an increase in your attributes!
Increase (S)trength, (I)ntelligence, or (D)exterity?
You feel stronger. x2
The orc priest hits you with a +0 mace.
* * * LOW HITPOINT WARNING * * *
The orc hits you with a +0 club.
* * * LOW HITPOINT WARNING * * *
Things that are here:
a +0 club; a +0 leather armour; an orc corpse Unknown command.
You slice the orc priest!!
You kill the orc priest!
Trog accepts your kill.
You hit the orc. You hit the orc warrior.
The orc warrior hits you with a +0 scimitar!
You die...

#..#...##########
+....#..........#
#......########.#
####...# #.# # ##..#
#.# ##. #..# #.#####
#o# ###
##.#########...... #o#
#.#+#...............#.
#.#
#...)@o.###########...
#.# #...o..## ####
#.## ##..#####
##$#####...#
##o......## ###....##
######


You could see an orc warrior and an orc.

Vanquished Creatures
  Pikel (D:3)
  A black bear (D:5)
  An ice beast (D:5)
  3 ogres
  2 necrophages
  A centaur (D:5)
  A lemure (D:3)
  A phantom (D:5)
  3 scorpions
  A bullfrog skeleton (D:5)
  A hound (D:4)
  A human zombie (Ossuary)
  An iguana (D:3)
  2 orc priests (D:6)
  Natasha (thrice) (D:4)
  3 orc wizards (D:5)
  A hound zombie (Ossuary)
  4 mummies (Ossuary)
  Robin (D:2)
  9 adders
  3 gnolls (D:3)
  An adder zombie (Ossuary)
  An adder skeleton (D:4)
  A worm (D:3)
  A dart slug (D:2)
  5 orcs
  6 ball pythons
  12 endoplasms
  4 giant cockroaches
  10 goblins
  8 hobgoblins
  2 jackals (D:2)
  6 quokkas
  5 bats
  2 frilled lizards (D:3)
  2 gnoll zombies (Ossuary)
  A goblin zombie (Ossuary)
  A jackal zombie (Ossuary)
  9 kobolds
  A kobold zombie (Ossuary)
  2 orc zombies (Ossuary)
  A quokka skeleton (D:4)
  2 rats (D:3)
  2 rat zombies (Ossuary)
129 creatures vanquished.

Notes
Turn   | Place    | Note
-------+----------+-------------------------------------------
     0 | D:1      | Zeld the Minotaur Berserker began the quest for the Orb.
     0 | D:1      | Reached XP level 1. HP: 19/19 MP: 0/0
   150 | D:1      | Reached XP level 2. HP: 27/27 MP: 1/1
   963 | D:1      | Found a faded altar of an unknown god.
  1118 | D:2      | Reached XP level 3. HP: 22/33 MP: 2/2
  1631 | D:2      | Reached XP level 4. HP: 37/41 MP: 3/3
  1855 | D:2      | Noticed Robin
  1871 | D:2      | Killed Robin
  2702 | D:3      | Reached skill level 5 in Axes
  2789 | D:3      | Reached ** piety under Trog
  2957 | D:3      | Reached skill level 5 in Fighting
  2957 | D:3      | Reached XP level 5. HP: 40/48 MP: 4/4
  3772 | D:4      | Noticed Natasha
  3783 | D:4      | Killed Natasha
  4025 | D:4      | Reached XP level 6. HP: 41/56 MP: 5/5
  4276 | D:4      | Noticed Pikel
  4574 | D:3      | Killed Pikel
  4575 | D:3      | Reached XP level 7. HP: 10/66 MP: 6/6
  5108 | D:4      | Noticed Natasha
  5117 | D:4      | Killed Natasha
  5380 | D:4      | Reached skill level 5 in Armour
  5380 | D:4      | Reached XP level 8. HP: 23/73 MP: 7/7
  5708 | D:4      | Noticed Natasha
  5718 | D:4      | Killed Natasha
  5903 | D:5      | Entered Level 5 of the Dungeon
  6432 | D:5      | Reached skill level 5 in Dodging
  6444 | D:5      | Found a sand-covered staircase.
  6452 | Ossuary  | Entered an ossuary
  6460 | Ossuary  | Reached *** piety under Trog
  7693 | D:6      | HP: 3/115 [orc warrior/+0 scimitar (8)]
  7695 | D:6      | Reached XP level 9. HP: 4/82 MP: 8/8
  7695 | D:6      | HP: 1/123 [orc/+0 club (2)]
  7696 | D:6      | Mangled by an orc warrior

Illustrated notes

Levels and vault maps discovered:
D:1:      dpeg_arrival_round_a, layout_basic, ebering_ecumenical_altar_rust,
          feat_on_display
D:2:      layout_basic, uniq_robin
D:3:      layout_basic, serial_bayou_pond_e, chequers_serial_rivers_large_a,
          nrook_mini_backslash
D:4:      layout_cave_pods, uniq_natasha, uniq_pikel
D:5:      layout_basic, enter_ossuary_2, serial_park_tiny_2,
          minmay_misc_feat_chi
D:6:      layout_loops_ring, minmay_temple_entry_glassed_door,
          serial_park_tiny_1, grunt_ministairs_9, minmay_joined_circles

Skill      XL: |  1  2  3  4  5  6  7  8 |
---------------+-------------------------+-----
Fighting       | 4 5 7 8 |  8.9
Axes           | 4 5 7 8 |  8.9
Armour         | 3 4 5 6 |  6.1
Dodging        | 3 4 5 |  5.6

Action                   |  1- 3 |  4- 6 |  7- 9 || total
-------------------------+-------+-------+-------++-------
Melee: Hand axe          |    66 |   139 |   141 ||   346
       Headbutt          |    10 |    15 |    32 ||    57
       Punch             |       |     1 |     1 ||     2
Invok: Berserk           |     1 |     1 |     1 ||     3
       Trog's Hand       |       |       |     1 ||     1
 Stab: Distracted        |     1 |       |       ||     1
       Sleeping          |       |     1 |       ||     1
Armor: Animal skin       |     8 |    15 |    14 ||    37
Dodge: Dodged            |    32 |   113 |    96 ||   241
